 Dungeon Crawl Stone Soup version 0.28-a0-1616-g050a50673c (webtiles) character file.

Game seed: 8795163346090163498

48 grumblor the Insei (level 3, -3/23 HPs)
             Began as an Octopode Transmuter on Jan 22, 2022.
             Slain by a phantom (10 damage)
             ... on level 2 of the Dungeon.
             The game lasted 00:03:15 (1730 turns).

grumblor the Insei (Octopode Transmuter)            Turns: 1730, Time: 00:03:15

Health: -3/23      AC:  1    Str:  9    XL:     3   Next: 72%
Magic:  0/6        EV: 13    Int: 15    God:
Gold:   108        SH:  0    Dex: 14    Spells: 2/6 levels left

rFire   . . .      SeeInvis .     - Unarmed
rCold   . . .      Faith    .   (no shield)
rNeg    . . .      Spirit   .   (helmet currently unavailable)
rPois   .          Reflect  .   (no amulet)
rElec   .          Harm     .   (no ring)
rCorr   .          Rampage  .   (no ring)
Will    .....                   (no ring)
Stlth   +++.......              (no ring)
HPRegen 0.07/turn               (no ring)
MPRegen 0.10/turn               (no ring)
                                (no ring)
                                (no ring)

@: appendages, very slightly contaminated
A: tentacle spike 3, almost no armour, amphibious, 8 rings, camouflage 1,
gelatinous body 1, (nimble swimmer 1), tentacles
a: End Transformation


You were on level 2 of the Dungeon.
One of your tentacles had grown a beastly spike.
You visited 1 branch of the dungeon, and saw 2 of its levels.

You collected 108 gold pieces.

Inventory:

Jewellery
 b - a ring of ice
Potions
 a - a potion of attraction {unknown}
 c - a potion of mutation {unknown}
 e - a potion of curing {unknown}
 f - a potion of haste {unknown}


   Skills:
 * Level 1.4 Fighting
 * Level 2.5 Dodging
 * Level 2.0 Stealth
 + Level 3.4 Unarmed Combat
 + Level 2.1 Spellcasting
 + Level 2.1 Transmutations
 * Level 0.2 Poison Magic


You had 2 spell levels left.
You knew the following spells:

 Your Spells              Type           Power      Damage    Failure   Level
a - Beastly Appendage     Tmut           14%        N/A       10%         1
b - Spider Form           Tmut/Pois      5%         N/A       38%         3

Your spell library contained the following spells:

 Spells                   Type           Power      Damage    Failure   Level
 Wereblood                Tmut           7%         N/A       14%         2
 Sandblast                Erth           2%         2d4       22%         1
 Passwall                 Tmut/Erth      3%         N/A       22%         2
 Stone Arrow              Conj/Erth      2%         3d7       54%         3
 Tukima's Dance           Hex            1%         N/A       54%         3
 Ice Form                 Ice/Tmut       4%         N/A       80%         4
 Anguish                  Hex/Necr       0%         N/A       91%         4
 Enfeeble                 Hex            0%         N/A       100%        7


Dungeon Overview and Level Annotations

Branches:
Dungeon (2/15)

Altars:


Innate Abilities, Weirdness & Mutations

One of your tentacles has grown a beastly spike.
You cannot wear most types of armour.
You are amphibious.
You can wear up to eight rings at the same time.
Your skin changes colour to match your surroundings (Stealth+).
Your rubbery body absorbs attacks. (AC +1, EV +1)
((You are camouflaged when in or above water. (Stealth+)))
You have tentacles for arms and can constrict up to eight enemies at once.


Message History

The phantom is moderately damaged.
You tentacle-slap the phantom.
Your tentacle spike misses the phantom.
The phantom is moderately damaged.
The phantom barely misses you.
You barely miss the phantom.
The phantom is moderately damaged.
The phantom hits you!
You tentacle-slap the phantom. Your squeeze misses the phantom.
The phantom is heavily damaged.
Your tentacle spike disappears.
The phantom hits you.
Casting: Spider Form (extremely dangerous; 38% risk of failure)
Confirm with . or Enter, or press ? or * to list all spells.
The spell is extremely dangerous to miscast (38% risk of failure)!
Continue anyway?
You miscast Spider Form.
Nothing appears to happen.
The phantom hits you.
You barely miss the phantom.
Your tentacle-slap misses the phantom.
The phantom is heavily damaged.
The phantom barely misses you.
You completely miss the phantom. You squeeze the phantom.
The phantom is severely damaged.
The phantom hits you!
* * * LOW HITPOINT WARNING * * *
You feel much better. The phantom hits you!
You closely miss the phantom.
The phantom is severely damaged.
The phantom closely misses you.
You closely miss the phantom.
The phantom is severely damaged.
The phantom hits you!
The phantom blinks!
You blink.
You closely miss the phantom. Your squeeze misses the phantom.
The phantom is severely damaged.
The phantom closely misses you.
You miss the phantom. Your squeeze misses the phantom.
The phantom is severely damaged.
The phantom hits you.
Casting: Beastly Appendage (safe; 10% risk of failure)
Press: ? - help, Q - select action Dir - look around, f - activate One of your tentacles grows a vicious spike.
The phantom hits you!
You die...

^# #.#.####.# #.#.###
#.# .# #........#
#.#.#####.# .#
###.######
#.......§§# .# #'##
###.####### .#
##...## #§#
.###.....## ##.#
.##.....w.## ##..#
##.........####..W###
.'.........'....@...#
##.........##.#####.#
##.......# #.
##.....## # ##...##
##'## #.# ### #.# o.#
##.##


You could see a phantom.

Vanquished Creatures
  2 adders (D:2)
  A worm (D:2)
  A dart slug (D:1)
  2 orcs (D:2)
  3 endoplasms (D:1)
  A giant cockroach (D:2)
  4 goblins
  A hobgoblin (D:1)
  A kobold (D:1)
  A quokka (D:1)
  5 rats
  A spectral kobold (D:1)
23 creatures vanquished.

Notes
Turn   | Place    | Note
-------+----------+-------------------------------------------
     0 | D:1      | grumblor the Octopode Transmuter began the quest for the
                  | Orb.
     0 | D:1      | Reached XP level 1. HP: 13/13 MP: 3/3
   279 | D:1      | Reached XP level 2. HP: 18/18 MP: 5/5
   556 | D:1      | Found a faded altar of an unknown god.
   834 | D:2      | Reached skill level 1 in Stealth
   985 | D:2      | Reached XP level 3. HP: 14/23 MP: 6/6
  1285 | D:2      | Learned a level 3 spell: Spider Form
  1708 | D:2      | Noticed a phantom
  1724 | D:2      | HP: 1/23 [phantom (9)]
  1730 | D:2      | Slain by a phantom

Illustrated notes

Levels and vault maps discovered:
D:1:      arrival_zaba_pyramid, layout_rooms,
          dreamdust_ecumenical_altar_drowned_temple
D:2:      layout_loops_corners, minmay_close_crescents

Skill      XL: |  1  2  3 |
---------------+----------+-----
Stealth        | 1 2 |  2.0
Fighting       | |  1.4
Dodging        | |  2.5
Unarmed Combat | |  3.4
Spellcasting   | |  2.1
Transmutations | |  2.1
Poison Magic   | |  0.2

Action                   || total
-------------------------++-------
Melee: Unarmed           ||    77
       Tentacles         ||    16
       Constrict         ||    12
       Kick              ||     2
 Cast: Beastly Appendage ||     8
  Use: Scroll            ||     2
       Potion            ||     2
 Stab: Sleeping          ||     6
Armor: Skin              ||     3
Dodge: Dodged            ||    39

Table legend: (Time is in decaauts)
 A = Elapsed time spent in this place.
 B = Non-inter-level travel time spent in this place.
 C = Inter-level travel time spent in this place.
 D = Time resting spent in this place.
 E = Time spent auto-exploring this place.
 F = Levels seen in this place.
 G = Mean time per level.
                   A        B        C        D        E       F      G
               +--------+--------+--------+--------+--------+-----+--------+
         Total |   1725 |   1696 |     29 |    554 |    858 |   2 |  862.5 |
       Dungeon |   1725 |   1696 |     29 |    554 |    858 |   2 |  862.5 |
               +--------+--------+--------+--------+--------+-----+--------+

Top non-repeatable levels by time:
     D:2: 900 daAuts
     D:1: 824 daAuts
